 Dungeon Crawl Stone Soup version 0.30-a0-847-g17996783a1 (webtiles) character file.

Game seed: 4783216780968384995

13 Rocko1345 the Magician (level 2, -1/19 HPs)
             Began as a Human Hedge Wizard on Mar 3, 2023.
             Slain by a jackal (2 damage)
             ... on level 1 of the Dungeon.
             The game lasted 00:02:18 (374 turns).

Rocko1345 the Magician (Human Hedge Wizard)          Turns: 374, Time: 00:02:18

Health: -1/19      AC:  2    Str: 10    XL:     2   Next: 50%
Magic:  3/6        EV: 12    Int: 14    God:
Gold:   79         SH:  0    Dex: 12    Spells: 6/7 levels left

rFire   . . .      SeeInvis .    a - +0 dagger
rCold   . . .      Faith    .    (no shield)
rNeg    . . .      Spirit   .    b - +0 robe
rPois   .          Reflect  .    c - +0 hat
rElec   .          Rampage  .    (no cloak)
rCorr   .                        (no gloves)
Will    .....                    (no boots)
Stlth   ++                       (no amulet)
HPRegen 0.23/turn                (no ring)
MPRegen 0.10/turn                (no ring)

@: no status effects
A: no striking features
a: no special abilities


You were on level 1 of the Dungeon.
You visited 1 branch of the dungeon, and saw 1 of its levels.

You collected 79 gold pieces.

Inventory:

Hand Weapons
 a - a +0 dagger (weapon)
Missiles
 g - 2 poisoned darts
Armour
 b - a +0 robe (worn)
 c - a +0 hat (worn)
Scrolls
 e - a scroll of acquirement {unknown}
 f - a scroll of enchant armour {unknown}
 h - 3 scrolls of amnesia {unknown}
Potions
 d - a potion of magic


   Skills:
 + Level 2.1 Dodging
 + Level 2.2 Stealth
 + Level 3.4 Spellcasting
 + Level 1.0 Conjurations
 + Level 1.0 Summonings
 + Level 1.0 Translocations


You had 6 spell levels left.
You knew the following spells:

 Your Spells              Type           Power      Damage    Failure   Level
a - Magic Dart            Conj           20%        1d4       14%         1

Your spell library contained the following spells:

 Spells                   Type           Power      Damage    Failure   Level
 Slow                     Hex            8%         N/A       21%         1
 Blink                    Tloc           10%        N/A       21%         2
 Call Imp                 Summ           5%         N/A       21%         2
 Cigotuvi's Dreadful Rot  Necr/Pois/Air  4%         N/A       30%         2
 Mephitic Cloud           Conj/Pois/Air  3%         N/A       47%         3


Dungeon Overview and Level Annotations

Branches:
Dungeon (1/15)

Altars:


Message History

The jackal closely misses you. The bat hits you.
* * * LOW HITPOINT WARNING * * *
The bat closely misses you. The jackal closely misses you.
The bat attacks as you move away! The bat barely misses you. The bat hits you.
* * * LOW HITPOINT WARNING * * *
The bat completely misses you. The bat hits you but does no damage. x2
You hit the bat.
The bat is moderately wounded.
The bat hits you but does no damage. x2
You closely miss the bat. The bat misses you. The bat barely misses you.
You hit the bat.
You kill the bat!
You hit the jackal but do no damage. The jackal misses you.
You hit the jackal.
The jackal is severely wounded.
The jackal barely misses you. The jackal bites you.
* * * LOW HITPOINT WARNING * * *
You closely miss the jackal.
The jackal is severely wounded.
The jackal bites you but does no damage.
You closely miss the jackal.
The jackal is severely wounded.
The jackal bites you.
* * * LOW HITPOINT WARNING * * *
The jackal bites you but does no damage.
You closely miss the jackal.
The jackal is severely wounded.
The jackal bites you.
* * * LOW HITPOINT WARNING * * *
You barely miss the jackal.
The jackal is severely wounded.
The jackal barely misses you.
You closely miss the jackal.
The jackal is severely wounded.
The jackal misses you. The jackal bites you.
* * * LOW HITPOINT WARNING * * *
There are monsters nearby!
The jackal attacks as you move away! The jackal bites you.
You die...

#..........# #....K.....#.
#............. #######
#..........#$[ #.....#
#†............ #.....#
#............ #.....#
#............
.#######.....########.#.#.#...
................@hJ........>..
.......#.....########.#...#...
#.....#.....##### #.........
#.....#.......... ..........
#.....#^......... ...........
##..##......................
#####...)†............#####...
.....###..............# ...
####.# #.....[....


You could see an endoplasm and a jackal.

Vanquished Creatures
  2 dart slugs (D:1)
  2 ball pythons (D:1)
  An endoplasm (D:1)
  A jackal (D:1)
  A bat (D:1)
  A frilled lizard (D:1)
  A goblin (D:1)
  A rat (D:1)
10 creatures vanquished.

Notes
Turn   | Place    | Note
-------+----------+-------------------------------------------
     0 | D:1      | Rocko1345 the Human Hedge Wizard began the quest for the
                  | Orb.
     0 | D:1      | Reached XP level 1. HP: 13/13 MP: 4/4
   174 | D:1      | Reached XP level 2. HP: 16/19 MP: 0/6
   374 | D:1      | Slain by a jackal

Illustrated notes

Levels and vault maps discovered:
D:1:      wander_arrival_desolate, layout_basic, dreamdust_wishing_well

Action                     || total
---------------------------++-------
  Melee: Dagger            ||    27
   Cast: Magic Dart        ||    20
 Armour: Robe              ||    10
  Dodge: Dodged            ||    24

Table legend: (Time is in decaauts)
 A = Elapsed time spent in this place.
 B = Non-inter-level travel time spent in this place.
 C = Inter-level travel time spent in this place.
 D = Time resting spent in this place.
 E = Time spent auto-exploring this place.
 F = Levels seen in this place.
 G = Mean time per level.
                   A        B        C        D        E       F      G
               +--------+--------+--------+--------+--------+-----+--------+
         Total |    374 |    374 |      0 |    119 |    114 |   1 |  374.0 |
       Dungeon |    374 |    374 |      0 |    119 |    114 |   1 |  374.0 |
               +--------+--------+--------+--------+--------+-----+--------+

Top non-repeatable levels by time:
     D:1: 374 daAuts
